Map: Ulrena

Players

Chris (MCanning)

  • Race: Protoss Protoss
  • League: Master

Graphix - Winner!

  • Race: Zerg Zerg
  • League: Master

VOD

Have the link to the VOD?

Description

Time

  • Played on: Nov. 14, 2015, 3:08 a.m.
  • Length: 7:36
Show
View Real Time Build Order
Export as new Build Order

Chris Protoss 

Build Orders: 1 Gate Expand 

Get SALT Encoding   

  12  0:01  Probe (Chrono Boost)  
  13  0:12  Probe (Chrono Boost)  
  14  0:22  Probe (Chrono Boost)  
  14  0:25  Pylon  
  15  0:43  Probe (Chrono Boost)  
  15  0:45  Gateway  
  16  0:54  Probe (Chrono Boost)  
  16  0:56  Assimilator  
  17  1:04  Probe (Chrono Boost)  
  18  1:12  Pylon  
  18  1:15  Probe (Chrono Boost)  
  20  1:25  Probe (Chrono Boost)  
  20  1:32  Nexus  
  20  1:38  Probe (Chrono Boost), Pylon  
  21  1:49  Probe (Chrono Boost), Assimilator  
  22  1:59  Probe (Chrono Boost)  
  23  2:10  Probe (Chrono Boost)  
  24  2:18  Cybernetics Core  
  24  2:20  Probe (Chrono Boost)  
  24  2:21  Zealot  
  27  2:31  Probe (Chrono Boost)  
  28  2:42  Probe (Chrono Boost)  
  28  2:43  Pylon  
  29  2:52  Probe (Chrono Boost)  
  29  2:53  Pylon  
  29  2:55  Stalker, Probe (Chrono Boost)  
  29  2:56  Warp Gate (Chrono Boost)  
  33  3:04  Probe (Chrono Boost)  
  34  3:06  Mothership Core (Chrono Boost)  
  36  3:14  Probe (Chrono Boost)  
  36  3:17  Gateway  
  37  3:24  Probe (Chrono Boost)  
  37  3:25  Probe (Chrono Boost)  
  39  3:35  Probe x2 (Chrono Boost)  
  39  3:39  Gateway  
  41  3:43  Pylon  
  41  3:45  Probe (Chrono Boost)  
  41  3:46  Probe (Chrono Boost)  
  41  3:47  Sentry  
  45  3:56  Probe x2 (Chrono Boost), Nexus  
  45  4:00  Pylon  
  47  4:05  Probe (Chrono Boost)  
  47  4:06  Probe (Chrono Boost)  
  49  4:16  Probe  
  48  4:18  Probe  
  49  4:26  Probe  
  49  4:30  Probe  
  51  4:37  Probe  
  51  4:38  Robotics Facility  
  48  4:39  Forge  
  48  4:42  Pylon  
  48  4:43  Probe (Chrono Boost)  
  48  4:45  Assimilator  
  48  4:46  Pylon  
  48  4:48  Assimilator  
  48  4:51  Pylon  
  48  4:56  Probe (Chrono Boost)  
  50  5:00  Probe (Chrono Boost)  
  50  5:03  Sentry x2  
  50  5:04  Sentry  
  50  5:06  Probe (Chrono Boost)  
  57  5:09  Probe (Chrono Boost)  
  58  5:16  Gateway  
  58  5:17  Probe  
  58  5:19  Gateway  
  59  5:29  Adept  
  59  5:32  Adept  
  59  5:35  Protoss Ground Weapons Level 1 (Chrono Boost)  
  63  5:36  Nexus  
  63  5:39  Pylon  
  63  5:43  Adept  
  60  5:53  Probe, Adept x2  
  60  5:56  Probe  
  65  6:00  Photon Cannon  
  66  6:05  Probe, Adept  
  66  6:08  Probe  
  66  6:10  Pylon  
  70  6:13  Nexus  
  70  6:17  Adept  
  70  6:18  Adept x2  
  72  6:19  Probe  
  72  6:24  Probe  
  72  6:31  Probe  
  72  6:32  Pylon  
  73  6:34  Probe, Pylon  
  74  6:43  Probe  
  74  6:45  Probe  
  74  6:46  Robotics Bay  
  76  6:54  Adept  
  76  6:55  Probe x2  
  76  6:56  Pylon  
  80  7:06  Probe  
  80  7:07  Probe  
  82  7:13  Pylon  
  82  7:16  Probe  
  82  7:21  Twilight Council  
  82  7:22  Stalker x3  
Show
View Real Time Build Order
Export as new Build Order

Graphix Zerg - Winner!

Build Orders: 3 Hatch before Pool 

Get SALT Encoding   

  12  0:01  Drone  
  13  0:12  Overlord  
  13  0:19  Drone  
  14  0:31  Drone x2  
  14  0:34  Drone  
  17  0:45  Drone  
  18  0:56  Hatchery  
  17  0:59  Drone  
  18  1:06  Drone  
  19  1:17  Drone  
  20  1:25  Hatchery  
  19  1:29  Drone  
  19  1:31  Extractor  
  19  1:43  Drone  
  20  1:47  Spawning Pool  
  19  1:56  Drone  
  19  2:00  Drone  
  21  2:10  Drone  
  21  2:11  Drone  
  23  2:19  Overlord  
  23  2:33  Drone  
  23  2:34  Drone x2, Queen  
  23  2:36  Queen  
  30  2:39  Metabolic Boost  
  30  2:44  Zergling x4  
  32  2:52  Queen  
  34  3:00  Drone x4  
  34  3:04  Overlord  
  38  3:11  Zergling x6  
  41  3:21  Overlord  
  41  3:22  Queen  
  41  3:24  Drone  
  44  3:36  Drone x5  
  44  3:39  Drone  
  50  3:51  Roach Warren  
  49  3:57  Zergling x2  
  49  3:58  Zergling x14  
  57  4:04  Extractor  
  57  4:05  Drone  
  57  4:06  Drone  
  58  4:13  Overlord  
  58  4:14  Overlord  
  58  4:22  Zergling x2  
  57  4:28  Overlord  
  53  4:38  Zergling x4  
  53  4:39  Zergling x22  
  53  4:43  Drone  
  53  4:44  Drone, Extractor  
  66  4:50  Drone  
  66  4:51  Drone  
  68  4:54  Drone  
  68  4:57  Lair  
  68  5:03  Drone x2  
  68  5:05  Drone  
  71  5:13  Drone x2  
  72  5:22  Drone x4  
  72  5:23  Hatchery  
  72  5:25  Evolution Chamber  
  74  5:33  Spore Crawler x2  
  74  5:34  Spore Crawler  
  71  5:37  Overlord  
  71  5:38  Drone x7  
  70  6:04  Glial Reconstitution  
  70  6:05  Roach x9  
  70  6:09  Overlord  
  88  6:11  Overlord  
  87  6:24  Roach  
  89  6:26  Overlord  
  86  6:38  Roach x14  
  110  6:47  Drone x2  
  110  6:50  Extractor  
  109  6:54  Drone x2  
  109  6:58  Hatchery, Drone x2  
  112  7:02  Ravager  
  112  7:03  Drone x2, Ravager x2  
  117  7:09  Drone x2  
  117  7:12  Extractor  
  117  7:13  Overlord  
  118  7:20  Drone  
  119  7:26  Spine Crawler  
  119  7:28  Spine Crawler  
Tags
 
Add a new tag
Caveats
  • Supply blocks, unpowered buildings, or Contaminate may cause inaccurate times.
  • Supply counts are checked every 10 seconds.